 Dungeon Crawl Stone Soup version 0.29.1-15-g9cfb28693d (webtiles) character file.

Game seed: 6160581000208954350

162561 Gumption the Warrior (level 17, -3/168 HPs)
             Began as a Minotaur Berserker on Mar 20, 2023.
             Was an Elder of Trog.
             Killed from afar by a salamander tyrant (29 damage)
             ... on level 4 of the Snake Pit.
             The game lasted 04:12:45 (43365 turns).

Gumption the Warrior (Minotaur Berserker)          Turns: 43365, Time: 04:12:48

Health: -3/168     AC: 40    Str: 27    XL:     17   Next: 22%
Magic:  16/16      EV:  8    Int: 10    God:    Trog [****..]
Gold:   785        SH: 22    Dex: 11    Spells: 16/16 levels left

rFire   + . .      SeeInvis +   a - +8 trident of the Octopus King {venom, rElec rPois}
rCold   + + .      Faith    .   S - +2 tower shield {reflect}
rNeg    . . .      Spirit   .   Z - +2 crystal plate armour {rC+}
rPois   +          Reflect  +   X - +3 crown of Dyrovepreva {rElec Int+2 SInv}
rElec   +          Harm     .   G - +2 cloak {rCorr}
rCorr   +          Rampage  .   O - +2 pair of gloves of the Delicate God {rElec Int+2}
Will    +++..                   B - +0 pair of boots of Indemnity {rF+}
Stlth   ..........              (no amulet)
HPRegen 1.38/turn               H - ring of resist corrosion
MPRegen 0.15/turn               p - ring of protection from cold

@: marked, weakened, strong-willed (expiring), regenerating (expiring)
A: horns 2, retaliatory headbutt, subdued magic 1
a: Renounce Religion, Berserk, Trog's Hand, Brothers in Arms


You were on level 4 of the Snake Pit.
You worshipped Trog.
Trog was greatly pleased with you.
You visited 5 branches of the dungeon, and saw 26 of its levels.
You also visited: Ossuary and Ice Cave.

You collected 3033 gold pieces.
You spent 2248 gold pieces at shops.

Inventory:

Hand Weapons
 a - the +8 trident of the Octopus King (weapon) {venom, rElec rPois}
   (You found it on level 2 of the Dungeon)

   It poisons the flesh of those it strikes.
   rElec:     It insulates you from electricity.
   rPois:     It protects you from poison.
 b - a +3 antimagic demon trident
 U - the +1 broad axe of Xeuwuish {vorpal, rPois SInv}
   (Trog gifted it to you on level 13 of the Dungeon)

   It inflicts extra damage upon your enemies.
   rPois:     It protects you from poison.
   SInv:      It lets you see invisible.
Missiles
 A - 4 throwing nets (quivered)
 F - 4 curare-tipped darts
 T - 4 silver javelins
Armour
 B - the +0 pair of boots of Indemnity (worn) {rF+}
   (You bought it in a shop on level 1 of the Dungeon)

   rF:        It protects you from fire.
 G - a +2 cloak of preservation (worn)
 K - the +4 plate armour "Fetit" {*Slow rCorr Int+4 Dex+2}
   (You bought it in a shop on level 1 of the Dungeon)

   Int:       It affects your intelligence (+4).
   Dex:       It affects your dexterity (+2).
   rCorr:     It protects you from acid and corrosion.
   *Slow:     It may slow you when you take damage.
 O - the +2 pair of gloves of the Delicate God (worn) {rElec Int+2}
   (You bought it in a shop on level 10 of the Dungeon)

   Int:       It affects your intelligence (+2).
   rElec:     It insulates you from electricity.
 S - a +2 tower shield of reflection (worn)
 X - the +3 crown of Dyrovepreva (worn) {rElec Int+2 SInv}
   (You bought it in a shop on level 1 of the Dungeon)

   Int:       It affects your intelligence (+2).
   rElec:     It insulates you from electricity.
   SInv:      It lets you see invisible.
 Z - a +2 crystal plate armour of cold resistance (worn)
Jewellery
 p - a ring of protection from cold (right hand)
 v - a ring of poison resistance
 E - a ring of protection from cold
 H - a ring of resist corrosion (left hand)
 P - a ring of fire
 V - the ring of the Imbibing Gods {rElec rF- Str+5 SInv}
   (You took it off a white draconian in an ice cave)

   [ring of see invisible]

   Str:       It affects your strength (+5).
   rF:        It makes you vulnerable to fire.
   rElec:     It insulates you from electricity.
   SInv:      It lets you see invisible.
Wands
 l - a wand of acid (20)
 m - a wand of flame (34)
 y - a wand of mindburst (2)
 I - a wand of iceblast (26)
Scrolls
 c - 4 scrolls of immolation
 e - a scroll of blinking
 h - 7 scrolls of enchant weapon
 i - a scroll of summoning
 n - 4 scrolls of silence
 r - 2 scrolls of identify
 s - 9 scrolls of teleportation
 t - 3 scrolls of butterflies
 u - 5 scrolls of fear
 x - 4 scrolls of magic mapping
 N - 4 scrolls of enchant armour
 Y - a scroll of brand weapon
Potions
 d - 3 potions of lignification
 f - 3 potions of flight
 g - 15 potions of curing
 j - 5 potions of might
 k - 6 potions of haste
 q - 4 potions of berserk rage
 w - 7 potions of heal wounds
 z - 6 potions of attraction
 C - 2 potions of resistance
 D - 2 potions of magic
 J - 4 potions of mutation
 L - a potion of cancellation
 M - 10 potions of ambrosia
 Q - a potion of invisibility


   Skills:
 + Level 19.2 Fighting
 - Level 11.5(13.9) Axes
 - Level 12.5(14.3) Polearms
 + Level 19.0 Armour
 - Level 10.0 Dodging
 + Level 18.6 Shields


You had 16 spell levels left.
You didn't know any spells.
Your spell library was empty.

Dungeon Overview and Level Annotations

Branches:
Dungeon (14/15)            Temple (1/1) D:6            Lair (5/5) D:10
 Shoals (0/4) Lair:2        Snake (4/4) Lair:3        Slime (0/5) Lair:5
    Orc (2/2) D:11            Elf (0/3) Orc:2        Vaults (0/5) D:13
Ossuary (visited)           IceCv (visited)

Altars:
Ashenzari
Cheibriados
Dithmenos
Elyvilon
Fedhas
Gozag
Hepliaklqana
Kikubaaqudgha
Makhleb
Nemelex Xobeh
Okawaru
Qazlal
Ru
Sif Muna
Trog
Uskayaw
Vehumet
Wu Jian
Xom
Yredelemnul
Zin
The Shining One
Jiyva

Shops:
D:1 [[[[*   D:4 (   D:9 ((!   D:10 *   Orc:2 **![


Innate Abilities, Weirdness & Mutations

You have a pair of horns on your head.
You reflexively headbutt those who attack you in melee.
Your spells are a little easier to cast, but a little less powerful.


Message History

A sentinel's mark forms upon you. You block the anaconda's attack.
The anaconda bites you but does no damage.
You hear a shout!
There is a stone staircase leading up here.
You hear a shout!
The anaconda grabs you.
You stop ascending the stairs.
You block the anaconda's attack. The anaconda constricts you.
You block the anaconda's attack. The anaconda constricts you.
The anaconda barely misses you.
The salamander tyrant gazes fiercely through you!
You feel as though you will be weak longer.
The guardian serpent coils itself and waves its upper body at you.
The salamander mystic blinks!
The salamander tyrant blinks!
The anaconda bites you but does no damage.
The anaconda constricts you.
* * * LOW HITPOINT WARNING * * *
Unknown command.
You escape the anaconda's grasp.
You block the anaconda's attack. x3
The anaconda bites you but does no damage.
The anaconda grabs you.
You stop ascending the stairs.
The anaconda bites you but does no damage.
The anaconda constricts you.
* * * LOW HITPOINT WARNING * * *
The anaconda barely misses you. You furiously retaliate!
You headbutt the anaconda!
You block the salamander tyrant's attack.
The salamander mystic hits you with a +0 quarterstaff.
* * * LOW HITPOINT WARNING * * *
You are engulfed in flames!
You resist.
* * * LOW HITPOINT WARNING * * *
The anaconda bites you but does no damage.
The anaconda constricts you.
Blink to where?
Press: ? - help, Dir - move target You escape the anaconda's grasp.
As you read the scroll of blinking, it crumbles to dust.
The salamander tyrant rends the earth beneath you!
The blast of magma engulfs you!! You partially resist.
You die...

##....⌠....##.....
##...#####...##....
##...## ##...#####
#...#########...# ##
#####...###...###...###.
#.+..............S....'.
#.#⌠.....⌠.S§..⌠.§...⌠##
#..........NSN..........
#.###.≈@###...###...####
#.###.≈.#########...#
#..###...## ##...##
##...##...#####^..##
###..##....⌠....#######
##.###.......##......
#...###.<.###.#####.
#.### ##### #...###. #.#
#....##.


You could see a salamander tyrant (fast), a salamander mystic and 2 anacondas.

Vanquished Creatures
  A nagaraja (Snake:3)
  A draconian knight (IceCv)
  5 white draconians (IceCv)
  Snorg (Orc:1)
  Fannar (Lair:2)
  A salamander tyrant (Snake:2)
  2 boulder beetles
  11 hydras
  2 vault guards (D:13)
  A catoblepas (D:14)
  25 naga warriors
  12 anacondas
  Erica (D:9)
  A centaur warrior (D:14)
  2 two-headed ogres
  12 shock serpents
  2 tengu warriors (D:13)
  Urug (D:13)
  3 orc high priests (Orc:2)
  9 naga sharpshooters
  3 salamander mystics
  3 sea snakes (Snake:4)
  A deep troll (Lair:3)
  The ghost of Quickbrownfox the Sneak, a novice OpTm of Gozag (D:8)
  5 naga ritualists
  Pikel (D:6)
  5 orc knights (Orc:2)
  An orange crystal statue (IceCv)
  2 wolf spiders (Lair:5)
  2 deep elf pyromancers (D:14)
  4 orc sorcerers (Orc:2)
  11 salamanders
  5 ugly things
  4 manticores
  8 mana vipers
  5 elephants (Lair:4)
  21 naga magi
  2 ice statues (Snake:4)
  3 guardian serpents
  34 black mambas
  2 gargoyles (D:12)
  15 cane toads
  4 molten gargoyles (D:9)
  3 unseen horrors
  2 storm dragon simulacra (IceCv)
  A rime drake (Lair:1)
  An efreet (D:14)
  A tengu conjurer (D:14)
  5 kobold demonologists
  5 komodo dragons
  2 unseen horror zombies (D:8)
  An unseen horror skeleton (D:8)
  A queen bee (D:13)
  6 golden dragon simulacra (IceCv)
  11 polar bears
  10 trolls
  2 hornets (Lair:5)
  3 meliai (D:13)
  6 dream sheep
  Grinder (D:3)
  5 slime creatures (D:13)
  Prince Ribbit (D:9)
  19 blink frogs
  A meliai zombie (D:10)
  42 yaks
  10 wyverns
  2 vampires
  Eustachio (D:5)
  8 vampire mosquitoes
  7 basilisks
  8 humans (D:13)
  2 redbacks (Lair:5)
  Edmund (D:5)
  53 nagas
  3 acid dragons
  23 water moccasins
  21 orc warriors
  An ice beast (D:7)
  3 sky beasts
  6 black bears
  9 ice dragon simulacra (IceCv)
  8 ogres
  9 wolves
  8 centaurs
  10 kobold brigands
  4 gnoll sergeants (D:11)
  8 bullfrogs
  2 necrophages
  2 scorpions
  2 wyvern zombies (D:8)
  9 wights
  27 killer bees
  A lindwurm simulacrum (IceCv)
  8 howler monkeys
  3 centaur zombies
  A lava snake (D:9)
  14 jellies
  A centaur skeleton (D:8)
  6 hounds
  17 orc priests
  A gnoll bouda (D:9)
  3 human zombies
  Natasha (thrice) (D:3)
  An iron imp (D:8)
  3 iguanas
  19 orc wizards
  5 hell rats (Lair:1)
  A killer bee zombie (D:8)
  5 mummies
  2 howler monkey zombies
  15 gnolls
  9 adders
  3 white imps
  A howler monkey simulacrum (D:8)
  An ufetubus (D:5)
  2 adder zombies (Ossuary)
  2 worms
  53 orcs
  6 endoplasms
  5 giant cockroaches
  4 goblins
  3 hobgoblins
  6 jackals (D:4)
  2 quokkas (D:1)
  10 ball pythons
  3 bats
  2 frilled lizards (D:2)
  A goblin zombie (Ossuary)
  11 hobgoblin zombies (Ossuary)
  18 kobolds
  13 kobold zombies (Ossuary)
  3 orc zombies (Ossuary)
  A rat (D:2)
  4 rat zombies (Ossuary)
  A plant (Lair:5)
885 creatures vanquished.

Vanquished Creatures (collateral kills)
  A salamander tyrant (Snake:4)
  A two-headed ogre (D:13)
  An anaconda (Snake:4)
  A naga warrior (Snake:4)
  A naga sharpshooter (Snake:4)
  A naga ritualist (Snake:4)
  2 mana vipers (Snake:4)
  A salamander (Snake:4)
  2 black mambas (Snake:4)
  2 golden dragon simulacra (IceCv)
  5 nagas (Snake:4)
  3 killer bees (D:13)
  A lindwurm simulacrum (IceCv)
22 creatures vanquished.

Vanquished Creatures (others)
  An anaconda (Snake:4)
  A black mamba (Snake:4)
  2 humans (D:13)
  31 fungi
  71 plants
106 creatures vanquished.

Grand Total: 1013 creatures vanquished

Notes
Turn   | Place    | Note
-------+----------+-------------------------------------------
     0 | D:1      | Gumption the Minotaur Berserker began the quest for the
                  | Orb.
     0 | D:1      | Reached XP level 1. HP: 19/19 MP: 0/0
     4 | D:1      | Found Suhe's Armour Shoppe.
    47 | D:1      | Found Ybolesmy's Armour Shop.
   139 | D:1      | Found Miot's Armour Emporium.
   146 | D:1      | Found Donupall's Assorted Antiques.
   252 | D:1      | Reached XP level 2. HP: 6/27 MP: 1/1
   565 | D:1      | Found Ycimp's Armour Shop.
   899 | D:1      | Bought a scroll labelled OKLIOD OCISTREHEMPO for 22 gold
                  | pieces
   899 | D:1      | Bought a scroll labelled GOXTOODEO for 22 gold pieces
   899 | D:1      | Bought 2 coppery potions for 39 gold pieces
   899 | D:1      | Bought a dark potion for 19 gold pieces
   899 | D:1      | Bought a murky sapphire potion for 19 gold pieces
  1013 | D:2      | Found the +8 trident of the Octopus King {venom, rElec
                  | rPois}
  1028 | D:2      | Reached XP level 3. HP: 32/33 MP: 2/2
  1184 | D:2      | Reached ** piety under Trog
  1616 | D:3      | Reached XP level 4. HP: 29/40 MP: 3/3
  1622 | D:3      | Reached skill level 5 in Axes
  1865 | D:3      | Noticed Grinder
  1892 | D:3      | Killed Grinder
  1893 | D:3      | Reached skill level 5 in Fighting
  1893 | D:3      | Reached XP level 5. HP: 48/48 MP: 4/4
  2054 | D:3      | Noticed Natasha
  2062 | D:3      | Killed Natasha
  2063 | D:3      | Reached XP level 6. HP: 56/56 MP: 5/5
  2200 | D:3      | Found a faded altar of an unknown god.
  2280 | D:3      | Noticed Natasha
  2287 | D:3      | Killed Natasha
  2333 | D:3      | Noticed Natasha
  2339 | D:3      | Killed Natasha
  2621 | D:4      | Found a stormy altar of Qazlal.
  3038 | D:4      | Found Liato's Antique Weapon Shop.
  3080 | D:4      | Reached *** piety under Trog
  3462 | D:5      | Entered Level 5 of the Dungeon
  3477 | D:5      | Reached skill level 5 in Armour
  3477 | D:5      | Reached XP level 7. HP: 62/62 MP: 6/6
  3660 | D:5      | Noticed Edmund
  3676 | D:5      | HP: 1/94 [Edmund/+4 flail of protection (9)]
  3677 | D:5      | Killed Edmund
  4019 | D:5      | Noticed Eustachio
  4042 | D:5      | Killed Eustachio
  4208 | D:5      | Reached XP level 8. HP: 52/71 MP: 7/7
  4776 | D:6      | Found a staircase to the Ecumenical Temple.
  4789 | Temple   | Entered the Ecumenical Temple
  5292 | D:6      | Found a sparkling altar of Nemelex Xobeh.
  5297 | D:6      | Reached skill level 10 in Axes
  5643 | D:1      | Bought the +0 pair of boots of Indemnity {rF+} for 222 gold
                  | pieces
  5861 | D:6      | Noticed Pikel
  5874 | D:6      | Killed Pikel
  5875 | D:6      | Reached XP level 9. HP: 75/81 MP: 8/8
  6059 | D:6      | Reached **** piety under Trog
  6581 | D:7      | Found a glowing golden altar of the Shining One.
  6693 | D:7      | Found a burning altar of Makhleb.
  6718 | D:7      | Found a huge runed translucent gate.
  6719 | D:7      | Found a huge runed translucent gate.
  6719 | D:7      | Noticed a polar bear
  6719 | D:7      | Noticed a polar bear
  6720 | D:7      | Found a huge runed translucent gate.
  6720 | D:7      | Noticed a polar bear
  6720 | D:7      | Noticed a polar bear
  6720 | D:7      | Noticed a polar bear
  6721 | D:7      | Found a huge runed translucent gate.
  6721 | D:7      | Noticed a polar bear
  6721 | D:7      | Noticed a manticore
  6722 | D:7      | Noticed a polar bear
  7026 | D:8      | Found a runed translucent gate.
  7027 | D:8      | Found a runed translucent gate.
  7027 | D:8      | Found a runed translucent gate.
  7029 | D:8      | Noticed Quickbrownfox's ghost (novice OpTm)
  7053 | D:8      | Reached skill level 1 in Polearms
  7383 | D:8      | Found an ancient bone altar of Kikubaaqudgha.
  7464 | D:8      | Reached skill level 5 in Polearms
  7464 | D:8      | Reached XP level 10. HP: 47/91 MP: 9/9
  7494 | D:8      | Found a sand-covered staircase.
  7501 | Ossuary  | Entered an ossuary
  7670 | Ossuary  | Reached ***** piety under Trog
  8467 | D:9      | Found a snail-covered altar of Cheibriados.
  8647 | D:9      | Noticed a two-headed ogre
  8652 | D:9      | Killed a two-headed ogre
  8791 | D:9      | Identified the +1 robe of Happiness {Str+4 Int+2}
  8802 | D:9      | Reached skill level 10 in Fighting
  8884 | D:9      | Found Itielist's Distillery.
  8894 | D:9      | Bought a potion of degeneration for 11 gold pieces
  8941 | D:9      | Received a gift from Trog
  9128 | D:9      | Reached skill level 10 in Armour
  9185 | D:9      | Found Osmurum's Weapon Shoppe.
  9201 | D:9      | Noticed Erica
  9209 | D:9      | Killed Erica
  9424 | D:9      | Noticed Prince Ribbit
  9429 | D:9      | Killed Prince Ribbit
  9552 | D:9      | Found Lutacer's Weapon Shoppe.
  9619 | D:9      | Noticed a molten gargoyle
  9639 | D:9      | Killed a molten gargoyle
  9763 | D:9      | Noticed a molten gargoyle
  9763 | D:9      | Noticed a molten gargoyle
  9792 | D:9      | Killed a molten gargoyle
  9796 | D:9      | Killed a molten gargoyle
  9797 | D:9      | Reached XP level 11. HP: 99/101 MP: 10/10
 10339 | D:10     | Entered Level 10 of the Dungeon
 10383 | D:10     | Found a basalt altar of Yredelemnul.
 10439 | D:10     | Found Peano's Assorted Antiques.
 10568 | D:10     | Reached skill level 10 in Polearms
 10640 | D:10     | Found a blossoming altar of Fedhas.
 10916 | D:10     | Found a staircase to the Lair.
 11380 | D:11     | Noticed a two-headed ogre
 11464 | D:11     | Killed a two-headed ogre
 11954 | D:11     | Found a staircase to the Orcish Mines.
 12021 | D:11     | Reached XP level 12. HP: 81/113 MP: 11/11
 12306 | D:11     | Reached skill level 1 in Shields
 12570 | D:12     | Noticed a seven-headed hydra
 12606 | D:12     | Killed a seven-headed hydra
 12942 | D:12     | Noticed a boulder beetle
 12962 | D:12     | Killed a boulder beetle
 13259 | D:12     | Reached skill level 5 in Shields
 13527 | D:10     | Bought a pair of bloodstained gloves for 304 gold pieces
 13527 | D:10     | Identified the +2 pair of gloves of the Delicate God {rElec
                  | Int+2} (You bought it in a shop on level 10 of the Dungeon)
 13579 | D:12     | Noticed a seven-headed hydra
 13588 | D:12     | Killed a seven-headed hydra
 13970 | Lair:1   | Entered Level 1 of the Lair of Beasts
 14055 | Lair:1   | Noticed a seven-headed hydra
 14069 | Lair:1   | Killed a seven-headed hydra
 14405 | Lair:1   | Received a gift from Trog
 15303 | Lair:2   | Found a staircase to the Shoals.
 15305 | Lair:2   | Noticed a four-headed hydra
 15315 | Lair:2   | Killed a four-headed hydra
 15316 | Lair:2   | Reached XP level 13. HP: 79/123 MP: 12/12
 15884 | Lair:2   | Noticed Fannar
 15899 | Lair:2   | Killed Fannar
 16402 | Lair:3   | Reached skill level 10 in Shields
 16699 | Lair:3   | Found a staircase to the Snake Pit.
 17964 | Lair:4   | You fall into a shaft and drop 1 floor!
 17964 | Lair:5   | Entered Level 5 of the Lair of Beasts
 18258 | Lair:5   | Found a staircase to the Slime Pits.
 18260 | Lair:5   | Received a gift from Trog
 19691 | Lair:5   | Found a viscous altar of Jiyva.
 19818 | Lair:5   | Paralysed by a hornet for 1 turns
 19819 | Lair:5   | Reached skill level 15 in Fighting
 19978 | Lair:5   | Reached XP level 14. HP: 98/135 MP: 13/13
 20444 | Lair:5   | Reached skill level 15 in Armour
 22194 | D:1      | Bought the +3 crown of Dyrovepreva {rElec Int+2 SInv} for
                  | 538 gold pieces
 22194 | D:1      | Found the +3 crown of Dyrovepreva {rElec Int+2 SInv}
 23012 | D:8      | Killed Quickbrownfox's ghost
 23490 | D:13     | Noticed Urug
 23506 | D:13     | Killed Urug
 24127 | D:13     | Reached ****** piety under Trog
 24255 | D:13     | Identified the +1 broad axe of Xeuwuish {vorpal, rPois
                  | SInv} (Trog gifted it to you on level 13 of the Dungeon)
 24255 | D:13     | Received a gift from Trog
 24334 | D:13     | Found a gate to the Vaults.
 24470 | D:13     | Reached skill level 15 in Shields
 25180 | D:14     | Gained mutation: Your spells are a little easier to cast,
                  | but a little less powerful. [a neqoxec]
 26286 | Orc:1    | Entered Level 1 of the Orcish Mines
 26348 | Orc:2    | Entered Level 2 of the Orcish Mines
 26488 | Orc:1    | Noticed Snorg
 26499 | Orc:1    | Killed Snorg
 26678 | Orc:2    | Reached XP level 15. HP: 145/145 MP: 14/14
 27257 | Orc:2    | Found a staircase to the Elven Halls.
 27703 | Orc:2    | Found Vazo's Armour Shop.
 27713 | Orc:2    | Received a gift from Trog
 28827 | Orc:2    | Found Ebuorayju's General Store.
 28832 | Orc:2    | Found Qeulatuo's Assorted Antiques.
 28834 | Orc:2    | Found Ikebuow's Distillery.
 29170 | D:1      | Bought a +2 cloak of preservation for 301 gold pieces
 29243 | D:1      | You fall into a shaft and drop 1 floor!
 29593 | Snake:1  | Entered Level 1 of the Snake Pit
 30126 | D:1      | Bought the +4 plate armour "Fetit" {*Slow rCorr Int+4
                  | Dex+2} for 751 gold pieces
 30992 | Snake:1  | You fall into a shaft and drop 1 floor!
 31477 | Snake:1  | Reached skill level 5 in Dodging
 33861 | Snake:2  | Received a gift from Trog
 35161 | Snake:3  | Reached XP level 16. HP: 154/157 MP: 15/15
 37393 | Snake:3  | Received a gift from Trog
 39268 | Snake:4  | Entered Level 4 of the Snake Pit
 39451 | Snake:4  | Found a frozen archway.
 39475 | Snake:4  | HP: 10/238 [salamander/+0 halberd (15)]
 39480 | Snake:4  | HP: 2/238 [naga/+0 halberd (7)]
 39490 | Snake:4  | HP: 8/238 [naga/+0 halberd (2)]
 39504 | IceCv    | Entered an ice cave
 41376 | IceCv    | Received a gift from Trog
 41802 | IceCv    | Identified the ring of the Imbibing Gods {rElec rF- Str+5
                  | SInv}
 41837 | IceCv    | Reached XP level 17. HP: 114/166 MP: 16/16
 43256 | Snake:4  | Reached skill level 10 in Dodging
 43365 | Snake:4  | Killed from afar by a salamander tyrant

Illustrated notes

Levels and vault maps discovered:
D:1:      spicycebolla_arrival_clurvy, layout_basic, serial_shops, shop,
          shop_coins, nicolae_shop_advertising_works
          [nicolae_subvault_shop_adworks], nicolae_shop_window_shopping, shop,
          minmay_tromino_v7
D:2:      layout_basic, minmay_misc_feat_enclosed
D:3:      layout_rooms, shapermc_ecumenical_altar_mp_urbaneastern,
          chequers_jeans, minmay_misc_feat_five, uniq_natasha, uniq_grinder
D:4:      layout_loops_ring, nicolae_qazlal_general_emergency, serial_shops,
          shop
D:5:      nicolae_cairo_tiling_very_big, layout_loops_ring, serial_aquarium,
          aquarium_bridge_long_joined [aquarium_subvault_balcony,
          aquarium_subvault_window, aquarium_subvault_bridge,
          aquarium_subvault_wall, aquarium_subvault_wall,
          aquarium_subvault_window], aquarium_bridge_square
          [aquarium_subvault_wall, aquarium_subvault_bridge,
          aquarium_subvault_bridge, aquarium_subvault_bridge],
          aquarium_window_fake, aquarium_window_2, aquarium_window_1,
          aquarium_view_2f, aquarium_view_2f, uniq_edmund, uniq_eustachio
D:6:      layout_basic, nemelex_dance_club_becter,
          minmay_temple_entry_water_ring, uniq_pikel
D:7:      lemuel_bear_cage, layout_rooms, nicolae_tso_carved_into_rock,
          lemuel_doored_altar, serial_glass, glass_columns_c, glass_columns_c
D:8:      layout_loops_ring, lemuel_mausoleum_altar_kikubaaqudgha,
          gammafunk_ghost_necromancy, lightli_ossuary_entry_decrepit_ruins
D:9:      layout_small_grid, slow_altar_1, serial_shops, shop,
          nicolae_shop_competitors_out_of_business,
          nicolae_shop_bloodbath_and_beyond, minivault_5, minivault_8,
          uniq_erica, uniq_prince_ribbit1
D:10:     layout_cave_pools, fedhas_altar_1, lemuel_zombie_altar_yredelemnul,
          erik_lair_dragon, serial_shops, nicolae_shop_overgrown_old_shop
D:11:     layout_roguey, kennysheep_orc_monster_closet_entryway
D:12:     layout_rooms, kennysheep_generic_room_14
D:13:     layout_roguey, ximxim_vaults_locker_room, special_room
          [special_room_bee], uniq_urug
D:14:     layout_basic, nrook_pool_corridor
Temple:   eino_temple_water
Lair:1:   layout_chaotic_city, minmay_stone_trees_medium, lemuel_fruit_fields,
          infiniplex_staircase_pool
Lair:2:   layout_misc_corridors, minmay_shoals_entry_centaurs, serial_forest,
          infiniplex_forest_clump_long, infiniplex_forest_clump_C,
          infiniplex_forest_clump_cross, infiniplex_forest_straight_2,
          infiniplex_forest_lined_1, infiniplex_forest_join,
          infiniplex_forest_lined_room_3, infiniplex_forest_clump_cross,
          infiniplex_forest_lined_corner, nicolae_lair_lil_pond, minivault_23,
          uniq_fannar
Lair:3:   dreamdust_cave_troll, layout_concentric_octagons,
          minmay_snake_entry_guardpost_medium
Lair:4:   layout_regular_city
Lair:5:   hangedman_lair_tendril_chambers, layout_hall_layers,
          minmay_slime_entry_jelly_boxes, serial_bayou_shore_b
Snake:1:  layout_chambers, nicolae_snake_salamander_stairs, grunt_megastairs_4
Snake:2:  layout_gridlike, serial_bayou_shore_b
Snake:3:  kennysheep_snake, layout_layer_cave, nicolae_snake_gridmaze_waves,
          guppyfry_library_mini
Snake:4:  grunt_snake_rune_serpentine_throne, layout_basic,
          portal_ice_cave_entry_ice_statue_two, grunt_megastairs_5,
          serial_bayou_shore_a
Orc:1:    layout_diamond_mine, nicolae_orc_sculptors_studio, uniq_snorg
Orc:2:    st_orc_elflike, layout_diamond_mine

Skill      XL: |  1  2  3  4  5  6  7  8  9 10 11 12 13 14 15 16 17 |
---------------+----------------------------------------------------+-----
Axes           | 4 6 7 8 10 11 | 11.5
Fighting       | 4 5 6 8 9 10 12 13 15 16 17 18 19 | 19.2
Armour         | 3 4 5 7 9 10 12 13 14 16 17 18 19 | 19.0
Polearms       | 5 9 12 | 12.5
Shields        | 8 12 15 17 18 | 18.6
Dodging        | 6 9 10 | 10.0

Action                   |  1- 3 |  4- 6 |  7- 9 | 10-12 | 13-15 | 16-18 || total
-------------------------+-------+-------+-------+-------+-------+-------++-------
Melee: Hand axe          |    70 |    78 |    33 |       |       |       ||   181
       Headbutt          |    13 |    18 |    48 |   145 |   407 |   258 ||   889
       Whip              |       |       |   130 |       |       |       ||   130
       Trident           |       |       |    76 |   639 |  1636 |   907 ||  3258
Invok: Berserk           |       |     1 |     1 |     3 |       |     3 ||     8
       Trog's Hand       |       |       |       |     2 |     6 |     4 ||    12
       Brothers in Arms  |       |       |       |       |     1 |     7 ||     8
  Use: Scroll            |       |     8 |     8 |    11 |     3 |     6 ||    36
       Potion            |       |       |       |     1 |       |     2 ||     3
Armor: Animal skin       |    10 |     2 |       |       |       |       ||    12
       Ring mail         |       |     1 |       |       |       |       ||     1
       Plate armour      |       |    24 |   120 |   360 |   649 |   253 ||  1406
       Crystal plate arm |       |       |       |       |       |    89 ||    89
Dodge: Dodged            |    34 |    25 |    60 |   198 |   262 |   159 ||   738
Block: Kite shield       |       |       |       |   106 |   219 |       ||   325
       Tower shield      |       |       |       |       |   857 |   886 ||  1743
       Reflection        |       |       |       |       |       |    56 ||    56
